 Dungeon Crawl Stone Soup version 0.29.0 (webtiles) character file.

Game seed: 13247092973819852931

1038 Dani the Skirmisher (level 8, -1/82 (84) HPs)
             Began as a Formicid Hunter on Aug 26, 2022.
             Slain by a phantasmal warrior (15 damage)
             ... created by the anger of Yredelemnul
             ... on level 7 of the Dungeon on Aug 27, 2022.
             The game lasted 00:14:19 (4715 turns).

Dani the Skirmisher (Formicid Hunter)               Turns: 4715, Time: 00:14:19

HP:   -1/82 (84)    AC: 24    Str: 19    XL:     8   Next: 48%
MP:   8/8           EV:  2    Int:  8    God:
Gold: 392           SH:  0    Dex: 17    Spells: 7/7 levels left

rFire   + . .      SeeInvis .   A - +0 broad axe
rCold   + . .      Faith    .   m - +0 buckler
rNeg    . . .      Spirit   .   (body armour currently unavailable)
rPois   +          Reflect  +   (helmet unavailable)
rElec   +          Harm     .   (cloak currently unavailable)
rCorr   +          Rampage  .   (gloves currently unavailable)
Will    .....                   (boots currently unavailable)
Stlth   +.........              x - amulet of reflection
HPRegen 0.23/turn               l - ring of flight
MPRegen 0.11/turn               (no ring)

@: confused, mighty, tree-form, resistant, lightly drained
A: stationary, stasis, torment immunity, boosted hp, permanent stasis, dig
shafts and tunnels, (antennae 3), four strong arms
a: no special abilities


You were on level 7 of the Dungeon.
You were a tree.
You visited 1 branch of the dungeon, and saw 6 of its levels.

You collected 392 gold pieces.

Inventory:

Hand Weapons
 a - a +0 shortbow
 A - a +0 broad axe (weapon)
   (You found it on level 5 of the Dungeon)
 C - a +0 giant spiked club
   (You took it off an ogre on level 7 of the Dungeon)
Missiles
 s - 2 poisoned darts
 u - 6 silver boomerangs
 Z - a throwing net
Armour
 c - a +0 leather armour
 m - a +0 buckler (worn)
   (You took it off a kobold on level 2 of the Dungeon)
 p - a +0 scale mail
   (You found it on level 3 of the Dungeon)
 t - a +0 pair of gloves (melded)
   (You found it on level 3 of the Dungeon)
 z - a +2 scale mail of willpower
   (You found it on level 5 of the Dungeon)
 B - the +4 Cigotuvi's embrace (melded) {rMiasma Drain rN+}
   (You found it on level 5 of the Dungeon)

   It gathers nearby corpses to temporarily increase the armour it provides.
   It protects you from foul pestilence.
   rN:        It protects you from negative energy.
   Drain:     It drains your maximum health when unequipped.
Jewellery
 l - a ring of flight (left branch)
   (You found it on level 1 of the Dungeon)
 w - a ring of ice
   (You found it on level 4 of the Dungeon)
 x - an amulet of reflection (around neck)
   (You found it on level 4 of the Dungeon)
Wands
 D - a wand of digging (4)
   (You found it on level 2 of the Dungeon)
 I - a wand of iceblast (3)
   (You found it on level 5 of the Dungeon)
Scrolls
 b - 2 scrolls of immolation
 d - 6 scrolls of identify {unknown}
 e - a scroll of silence
 g - 3 scrolls of brand weapon {unknown}
 i - a scroll of amnesia {unknown}
 j - 2 scrolls of noise {unknown}
 k - a scroll of enchant armour {unknown}
 q - a scroll of teleportation {unknown}
 r - a scroll of blinking {unknown}
 v - 2 scrolls of enchant weapon {unknown}
 y - a scroll of summoning {unknown}
Potions
 h - a potion of might
 n - a potion of magic {unknown}


   Skills:
 - Level 2.1 Fighting
 + Level 4.2 Axes
 + Level 9.2 Ranged Weapons
 - Level 1.7 Dodging
 - Level 1.2 Stealth


You had 7 spell levels left.
You didn't know any spells.
Your spell library contained the following spells:

 Spells                   Type           Power      Damage    Failure   Level
 Magic Dart               Conj           0%         1d3       50%         1
 Call Imp                 Summ           0%         N/A       63%         2
 Sublimation of Blood     Necr           0%         N/A       63%         2
 Wereblood                Tmut           0%         N/A       63%         2
 Mephitic Cloud           Conj/Pois/Air  0%         N/A       86%         3
 Summon Hydra             Summ           0%         N/A       100%        7


Dungeon Overview and Level Annotations

Branches:
Dungeon (7/15)
 Temple: D:4-7

Altars:
Qazlal
Trog
Yredelemnul
Zin

Annotations:
D:3 1 runed translucent door, Crazy Yiuf
D:7 Joseph


Innate Abilities, Weirdness & Mutations

You are a tree.
Your roots penetrate the ground, keeping you stationary.
You cannot be teleported.
You are immune to unholy pain and torment.
Your maximum health is greatly increased.
Your equipment is partially melded.
You cannot be hasted, slowed, berserked, paralysed or teleported.
You can dig through walls and to a lower floor.
((You have a pair of large antennae on your head. (SInv)))
Your four strong arms can wield two-handed weapons with a shield.


Message History

* * * LOW HITPOINT WARNING * * *
You slash the orc!
You kill the orc!
No target in view!
No target in view!
A chunk of your corpse armour falls away.
You hear the loud creaking of a portcullis.
A chunk of your corpse armour falls away.
There is a stone staircase leading down here.
There is an open door here.
Key pressed, stopping travel.
Yredelemnul's anger turns toward you for a moment.
The bolt of negative energy hits you! You partially resist.
You feel drained.
* * * LOW HITPOINT WARNING * * *
The divine experience drains your vigour!
Your stasis prevents you from being slowed.
A chunk of your corpse armour falls away.
You hear the loud creaking of a distant portcullis.
A chunk of your corpse armour falls away.
The gnoll bouda hits you but does no damage.
You closely miss the gnoll bouda.
The gnoll bouda hits you with a +0 club.
* * * LOW HITPOINT WARNING * * *
You slash the gnoll bouda!
The gnoll bouda is severely wounded.
You block the gnoll bouda's attack.
The gnoll bouda hits you with a +0 club.
* * * LOW HITPOINT WARNING * * *
You are too injured to fight recklessly!
You are too injured to fight recklessly!
You hit the gnoll bouda.
The gnoll bouda is almost dead.
The gnoll bouda hits you with a +0 club!
* * * LOW HITPOINT WARNING * * *
You completely miss the gnoll bouda.
The gnoll bouda is almost dead.
The gnoll bouda hits you with a +0 club.
* * * LOW HITPOINT WARNING * * *
You hit the gnoll bouda.
The gnoll bouda is almost dead.
The gnoll bouda hits you with a +0 club.
* * * LOW HITPOINT WARNING * * *
The gnoll bouda closely misses you.
You completely miss the gnoll bouda.
The gnoll bouda is almost dead.
The gnoll bouda gazes fiercely through you!
You feel your attacks grow feeble. The gnoll bouda barely misses you.
You hit the gnoll bouda but do no damage.
The gnoll bouda is almost dead.
The gnoll bouda hits you but does no damage.
You block the gnoll bouda's attack.
You hit the gnoll bouda but do no damage.
The gnoll bouda is almost dead.
Your corpse armour falls away.
You block the gnoll bouda's attack.
You hit the gnoll bouda.
The gnoll bouda is almost dead.
The gnoll bouda misses you. The gnoll bouda closely misses you.
You closely miss the gnoll bouda.
The gnoll bouda is almost dead.
You hear the loud creaking of a very distant portcullis.
The gnoll bouda hits you with a +0 club.
* * * LOW HITPOINT WARNING * * *
You slash the gnoll bouda!
You kill the gnoll bouda!
Your attacks no longer feel as feeble.
You now have 392 gold pieces (gained 19).
Things that are here:
a +0 club; a +0 robe The portcullis has been lowered almost to the ground.
Found a glowing silver altar of Zin and a bloodstained altar of Trog.
There is an open door here.
There is a fountain of clear blue water here.
You reach down and close the door.
There is a glowing silver altar of Zin here.
You hover solemnly before the altar of Zin.
You start resting.
The walls and floor vibrate strangely for a moment.
Unknown command.
Press < or > to pray at altars.
You start resting.
Yredelemnul sends a servant to punish you.
The divine experience confuses you!
You are confused.
A phantasmal warrior comes into view.
You are too confused!
It was a potion of lignification.
You turn into a tree.
Your +0 pair of gloves melds into your body.
The +4 Cigotuvi's embrace {rMiasma Drain rN+} melds into your body.
Your roots penetrate the ground.
It was a potion of resistance.
You feel protected.
You feel very mighty all of a sudden. The phantasmal warrior hits you.
* * * LOW HITPOINT WARNING * * *
You cannot move. (Use ctrl+direction or * direction to attack while stationary and confused.)
You cannot move. (Use ctrl+direction or * direction to attack while stationary and confused.)
You closely miss the phantasmal warrior.
The phantasmal warrior hits you!
You die...

.. ####'# #.⌠.⌠####
#....##.##. #
#.#.._.#...8. .#
#.#....#.....#######..
#.#..W.#..............
#.#..♣.#...8......$...
##.#....# ##.........#
#..#.⌠.⌠# ##..........+
#..####+###...........#
#.....................#
#..####...........)...#
##)# ############)...#
####.# ####.....)....#
#~~~~######~~~~..)...####


You could see a phantasmal warrior.

Vanquished Creatures
  Menkaure (D:5)
  An ice beast (D:7)
  A black bear (D:5)
  An ogre (D:7)
  2 phantoms (D:4)
  A bullfrog (D:7)
  2 gnoll boudas (D:7)
  4 hounds
  An orc wizard (D:7)
  2 iguanas
  9 gnolls
  6 adders
  An orc (D:7)
  5 endoplasms
  5 giant cockroaches
  8 goblins
  6 hobgoblins
  6 ball pythons
  A bat (D:1)
  A frilled lizard (D:2)
  4 kobolds
  A rat (D:2)
69 creatures vanquished.

Notes
Turn   | Place    | Note
-------+----------+-------------------------------------------
     0 | D:1      | Dani the Formicid Hunter began the quest for the Orb.
     0 | D:1      | Reached XP level 1. HP: 16/16 MP: 1/1
   432 | D:1      | Reached XP level 2. HP: 22/22 MP: 2/2
   856 | D:2      | Reached XP level 3. HP: 27/27 MP: 3/3
   879 | D:2      | Found a faded altar of an unknown god.
   898 | D:2      | Prayed at the altar of an unknown god.
   898 | D:2      | Became a worshipper of Yredelemnul the Dark
   898 | D:2      | Reached * piety under Yredelemnul
   899 | D:2      | Fell from the grace of Yredelemnul
  1261 | D:2      | Reached skill level 5 in Ranged Weapons
  1582 | D:3      | Reached XP level 4. HP: 29/33 MP: 4/4
  2133 | D:3      | Found a runed translucent door.
  2134 | D:3      | Noticed Crazy Yiuf
  2292 | D:3      | HP: 4/33 [gnoll/+0 spear (7)]
  2358 | D:3      | HP: 8/33 [gnoll/+0 spear (2)]
  2360 | D:3      | HP: 2/33 [gnoll/+0 spear (5)]
  2878 | D:4      | Reached XP level 5. HP: 38/38 MP: 5/5
  2884 | D:4      | Reached skill level 6 in Ranged Weapons
  2952 | D:4      | Found a stormy altar of Qazlal.
  3157 | D:4      | Noticed a phantom
  3175 | D:4      | Killed a phantom
  3176 | D:4      | Reached XP level 6. HP: 22/44 MP: 6/6
  3205 | D:4      | HP: 6/41 [divine wrath (20)]
  3520 | D:4      | Reached skill level 7 in Ranged Weapons
  3593 | D:4      | Noticed a shadow wraith
  3593 | D:4      | Noticed a shadow wraith
  3600 | D:5      | Entered Level 5 of the Dungeon
  3801 | D:5      | Noticed a black bear
  3819 | D:5      | Reached XP level 7. HP: 46/50 MP: 7/7
  3822 | D:5      | Reached skill level 1 in Axes
  3822 | D:5      | Reached skill level 8 in Ranged Weapons
  3921 | D:5      | Found the +4 Cigotuvi's embrace {rMiasma Drain rN+}
  4028 | D:5      | Noticed Menkaure
  4034 | D:5      | HP: 11/50 [??? (6)]
  4036 | D:5      | Killed Menkaure
  4037 | D:5      | Reached skill level 2 in Axes
  4045 | D:5      | Noticed a vampire
  4047 | D:5      | You are sucked into a shaft and drop 2 floors!
  4375 | D:7      | Reached XP level 8. HP: 45/55 MP: 8/8
  4401 | D:7      | Reached skill level 3 in Axes
  4437 | D:7      | Noticed Joseph
  4451 | D:7      | HP: 12/56 [ogre/+0 giant spiked club (14)]
  4458 | D:7      | Reached skill level 4 in Axes
  4458 | D:7      | Reached skill level 9 in Ranged Weapons
  4590 | D:7      | Found a flagged portal.
  4678 | D:7      | HP: 13/54 [gnoll bouda/+0 club (7)]
  4685 | D:7      | HP: 5/54 [gnoll bouda/+0 club (3)]
  4695 | D:7      | Found a glowing silver altar of Zin.
  4695 | D:7      | Found a bloodstained altar of Trog.
  4712 | D:7      | Noticed a phantasmal warrior
  4714 | D:7      | HP: 14/82 [phantasmal warrior[the anger of Yredelemnul]
                  | (2)]
  4715 | D:7      | Slain by a phantasmal warrior

Illustrated notes

Levels and vault maps discovered:
D:1:      dpeg_arrival_erosion, layout_basic, serial_curves, eino_curves_04,
          eino_curves_01, eino_curves_04, eino_curves_01
D:2:      layout_loops_cross, hellmonk_ecumenical_altar_lost_god
D:3:      layout_loops_corners, uniq_crazy_yiuf_cottage
D:4:      minmay_bubble_buster, layout_basic, grunt_qazlal_clouds
D:5:      layout_basic, minmay_temple_entry_statues_fountains, serial_shops,
          nicolae_shop_trees, uniq_menkaure
D:7:      layout_basic, nicolae_elyvilon_peaceful_grove, jmf_multi_god_temple,
          enter_bailey_8, minmay_manual_mullet, uniq_maggie, uniq_joseph

Skill      XL: |  1  2  3  4  5  6  7  8 |
---------------+-------------------------+-----
Ranged Weapons | 5 6 7 8 9 |  9.2
Axes           | 2 4 |  4.2
Fighting       | |  2.1
Dodging        | |  1.7
Stealth        | |  1.2

Action                   |  1- 3 |  4- 6 |  7- 9 || total
-------------------------+-------+-------+-------++-------
Melee: Broad axe         |       |     9 |    67 ||    76
 Fire: Shortbow          |    71 |   121 |       ||   192
Invok: Renounce Religion |     1 |       |       ||     1
 Abil: Dig               |       |     1 |       ||     1
       Shaft Self        |       |       |     1 ||     1
  Use: Scroll            |       |       |     1 ||     1
       Potion            |       |       |     4 ||     4
 Stab: Sleeping          |       |       |     2 ||     2
Armor: Leather armour    |    10 |       |    27 ||    37
       Scale mail        |       |    47 |     2 ||    49
Dodge: Dodged            |    14 |    48 |    34 ||    96
Block: Buckler           |     5 |    45 |    25 ||    75

Table legend: (Time is in decaauts)
 A = Elapsed time spent in this place.
 B = Non-inter-level travel time spent in this place.
 C = Inter-level travel time spent in this place.
 D = Time resting spent in this place.
 E = Time spent auto-exploring this place.
 F = Levels seen in this place.
 G = Mean time per level.
                   A        B        C        D        E       F      G
               +--------+--------+--------+--------+--------+-----+--------+
         Total |   4825 |   4707 |    118 |    525 |   3123 |   6 |  804.2 |
       Dungeon |   4825 |   4707 |    118 |    525 |   3123 |   6 |  804.2 |
               +--------+--------+--------+--------+--------+-----+--------+

Top non-repeatable levels by time:
     D:3: 1349 daAuts
     D:1: 863 daAuts
     D:4: 750 daAuts
     D:2: 706 daAuts
     D:7: 692 daAuts
     D:5: 463 daAuts

Table legend:
 A = Kills in this place as a percentage of kills in entire the game.
 B = Kills by you in this place as a percentage of kills by you in the entire game.
 C = Kills by friends in this place as a percentage of kills by friends in the entire game.
 D = Other kills in this place as a percentage of other kills in the entire game.
 E = Experience gained in this place as a percentage of experience gained in the entire game.
 F = Experience gained in this place divided by the number of levels of this place that you have seen.
                   A       B       C       D       E      F
               +-------+-------+-------+-------+-------+----------------------
         Total | 100.0 | 100.0 |   N/A |   N/A | 100.0 | 247.2
       Dungeon | 100.0 | 100.0 |   N/A |   N/A | 100.0 | 247.2
               +-------+-------+-------+-------+-------+----------------------
